 Dungeon Crawl Stone Soup version 0.27-a0-1502-g47ed6a6988 (webtiles) character file.

Game seed: 11120503615008667584

64530 dolemite99 the Impaler (level 14, -5/127 HPs)
             Began as a Minotaur Monk on July 8, 2021.
             Was the Champion of Wu Jian.
             Shot with a bolt by an orc warlord (20 damage)
             ... on level 9 of the Dungeon.
             The game lasted 00:36:35 (28919 turns).

dolemite99 the Impaler (Minotaur Monk)             Turns: 28919, Time: 00:36:35

Health: -5/127     AC: 30    Str: 21    XL:     14   Next: 72%
Magic:  13/13      EV:  8    Int:  7    God:    Wu Jian [******]
Gold:   769        SH:  0    Dex: 13    Spells: 13/13 levels left

rFire    . . .     SeeInvis +   b - +0 arbalest
rCold    . . .     Faith    +   (shield currently unavailable)
rNeg     . . .     Spirit   .   y - +1 plate armour
rPois    .         Reflect  .   H - +1 hat
rElec    .         Harm     .   (no cloak)
rCorr    .         Rampage  .   z - +2 pair of gloves
Will     +....                  u - +1 pair of boots
Stlth    ..........             f - amulet of faith
HPRegen  0.31/turn              w - +4 ring of protection {=R}
MPRegen  0.13/turn              L - ring of see invisible

@: no status effects
A: horns 2, retaliatory headbutt
a: Renounce Religion, Wall Jump, Serpent's Lash, Heavenly Storm


You were on level 9 of the Dungeon.
You worshipped Wu Jian.
Wu Jian was exalted by your worship.
You visited 3 branches of the dungeon, and saw 18 of its levels.
You visited the Abyss 1 time.
You also visited: Bailey.

You collected 1706 gold pieces.
You spent 937 gold pieces at shops.

Inventory:

Hand Weapons
 a - a +5 halberd
 b - a +0 arbalest (weapon)
 i - a +0 glaive of flaming
 O - a +0 demon trident
Missiles
 c - 203 arrows
 e - 469 stones
 g - 3 throwing nets
 j - 89 bolts (quivered ammo)
 n - 4 curare-tipped darts
 v - 3 atropa-tipped darts
 D - 9 poisoned darts
Armour
 u - a +1 pair of boots (worn)
 y - a +1 plate armour (worn)
 z - a +2 pair of gloves (worn)
 H - a +1 hat (worn)
Jewellery
 f - an amulet of faith (around neck)
 w - a +4 ring of protection (left hand) {=R}
 L - a ring of see invisible (right hand)
 P - a +4 ring of evasion
 T - an amulet of reflection
 Y - a +6 ring of dexterity
Wands
 k - a wand of flame (26)
 l - a wand of polymorph (14)
 o - a wand of mindburst (7)
 E - a wand of charming (5)
 M - a wand of digging (7)
 N - a wand of paralysis (11)
Scrolls
 d - a scroll of summoning
 m - 7 scrolls of fog
 p - a scroll of blinking
 r - 7 scrolls of teleportation
 x - 2 scrolls of vulnerability
 B - 2 scrolls of enchant weapon
 C - a scroll of holy word
 K - a scroll of enchant armour
 R - 2 scrolls of fear
 U - a scroll of amnesia
 V - 4 scrolls of identify {@r1}
 Z - a scroll of magic mapping
Potions
 h - 5 potions of ambrosia
 q - 3 potions of curing
 s - 3 potions of brilliance
 t - 3 potions of heal wounds
 A - a potion of magic
 F - 2 potions of haste
 I - 2 potions of attraction
 J - a potion of cancellation
 Q - a potion of flight {unknown}
 W - a potion of might
 X - a potion of berserk rage
Miscellaneous
 G - a condenser vane (inert)


   Skills:
 + Level 12.3 Fighting
 + Level 17.2 Polearms
 + Level 13.6 Crossbows
 - Level 5.3 Throwing
 - Level 16.9 Armour
 - Level 3.2 Dodging
 - Level 1.5 Stealth
 - Level 5.3 Evocations


You had 13 spell levels left.
You didn't know any spells.
Your spell library contained the following spells:

 Spells                   Type           Power      Damage    Failure   Level
 Animate Skeleton         Necr           0%         N/A       99%         1
 Apportation              Tloc           0%         N/A       99%         1
 Corona                   Hex            0%         N/A       99%         1
 Magic Dart               Conj           0%         1d3       99%         1
 Pain                     Necr           0%         1d4       99%         1
 Shock                    Conj/Air       0%         1d3       99%         1
 Summon Small Mammal      Summ           0%         N/A       99%         1
 Call Imp                 Summ           0%         N/A       99%         2
 Passwall                 Tmut/Erth      0%         N/A       99%         2
 Slow                     Hex            0%         N/A       99%         2
 Call Canine Familiar     Summ           0%         N/A       100%        3
 Confusing Touch          Hex            0%         N/A       100%        3
 Conjure Flame            Conj/Fire      0%         6-21      100%        3
 Frozen Ramparts          Ice            0%         1d2       100%        3
 Ignite Poison            Fire/Tmut/Pois 0%         N/A       100%        3
 Mephitic Cloud           Conj/Pois/Air  0%         N/A       100%        3
 Summon Guardian Golem    Hex/Summ       0%         N/A       100%        3
 Swiftness                Air            0%         N/A       100%        3
 Vampiric Draining        Necr           0%         2d6       100%        3
 Airstrike                Air            0%         N/A       100%        4
 Fulminant Prism          Conj/Hex       0%         3d6       100%        4
 Ice Form                 Ice/Tmut       0%         N/A       100%        4
 Iskenderun's Mystic Bla  Conj/Tloc      0%         2d3       100%        4
 Sticky Flame             Conj/Fire      0%         2d3       100%        4
 Summon Ice Beast         Ice/Summ       0%         N/A       100%        4
 Bolt of Magma            Conj/Fire/Erth 0%         4d4       100%        5
 Lee's Rapid Deconstruct  Erth           0%         3d5*      100%        5
 Yara's Violent Unravell  Hex/Tmut       0%         3d3       100%        5


Dungeon Overview and Level Annotations

Branches:
Dungeon (11/15)            Temple (0/1) D:5            Lair (6/6) D:9
  Swamp (0/4) Lair:3       Spider (0/4) Lair:3        Slime (0/5) Lair:5
    Orc (1/2) D:9          Bailey (visited)

Altars:
Cheibriados
Dithmenos
Elyvilon
Okawaru
Ru
Sif Muna
Trog
Uskayaw
Vehumet
Wu Jian
Xom
Yredelemnul
The Shining One

Shops:
D:9 *(

Annotations:
D:4 1 runed translucent door
D:5 2 runed translucent doors, ptrx2's ghost, novice MiBe
D:6 2 transporters, atabob's ghost, novice DrCj
D:11 exclusion: orange crystal statue, Josephine
Lair:1 1 runed translucent door, avis's ghost, journeyman OpTm
Lair:2 exclusion: 2 oklob plants


Innate Abilities, Weirdness & Mutations

You have a pair of horns on your head.
You reflexively headbutt those who attack you in melee.


Message History

You shoot a bolt.
The bolt hits the orc warlord but does no damage.
The orc warlord is severely wounded.
The orc warlord shoots a bolt.
The bolt barely misses you.
Fire: 94 bolts
Press: ? - help, Q - select action, (/) - cycle Shift-Dir - straight line, f/p - orc warlord
Aim: an orc warlord, wielding a +0 arbalest, wearing a +0 chain mail and quivering bolts (severely wounded, 75% to hit)
You shoot a bolt. The bolt hits the orc warlord!
The orc warlord is severely wounded.
The orc warlord shoots a bolt.
The bolt hits you.
* * * LOW HITPOINT WARNING * * *
Fire: 93 bolts
Press: ? - help, Q - select action, (/) - cycle Shift-Dir - straight line, f/p - orc warlord
Aim: an orc warlord, wielding a +0 arbalest, wearing a +0 chain mail and quivering bolts (severely wounded, 75% to hit)
You shoot a bolt. The bolt hits the orc warlord!
The orc warlord is almost dead.
The orc warlord shoots a bolt.
The bolt hits you.
* * * LOW HITPOINT WARNING * * *
Fire: 92 bolts
Press: ? - help, Q - select action, (/) - cycle Shift-Dir - straight line, f/p - orc warlord
Aim: an orc warlord, wielding a +0 arbalest, wearing a +0 chain mail and quivering bolts (almost dead, 75% to hit)
You shoot a bolt.
The bolt hits the orc warlord but does no damage.
The orc warlord is almost dead.
The orc warlord shoots a bolt.
The bolt completely misses you.
Fire: 91 bolts
Press: ? - help, Q - select action, (/) - cycle Shift-Dir - straight line, f/p - orc warlord
Aim: an orc warlord, wielding a +0 arbalest, wearing a +0 chain mail and quivering bolts (almost dead, 75% to hit)
You shoot a bolt. The bolt hits the orc warlord!
The orc warlord is almost dead.
The orc warlord shoots a bolt.
The bolt hits you but does no damage.
The orc warlord shoots a bolt.
The bolt hits you!
* * * LOW HITPOINT WARNING * * *
Fire: 90 bolts
Press: ? - help, Q - select action, (/) - cycle Shift-Dir - straight line, f/p - orc warlord
Aim: an orc warlord, wielding a +0 arbalest, wearing a +0 chain mail and quivering bolts (almost dead, 75% to hit)
You shoot a bolt. The bolt hits the orc warlord.
The orc warlord is almost dead.
The orc warlord shoots a bolt.
The bolt hits you!!
You die...

..............#..)....+.......#
'##############.......#.......#
.......'..............#.......#
.......#..............#.......#
##.....#..............#.......#
###....#...))##.......#.......#
.≈##...#...[.##.......#.......#
#≈.#######'####<......#.#####.#
⌠.≈##.........#.@.....#.# #.#
#...#.........#.......#.#####.#
^⌠#≈#.##.....)#.......#.......#
≈.≈##.........#...............#
#⌠⌠≈#.......#<#.....o.........#
####.........[####............#
≈..#######'###)[....(.........#
#⌠..# #....#.).....(.(......#
≈#..# #....#................#


You could see an orc warlord.

Vanquished Creatures
  Kirke (Lair:4)
  Gastronok (D:11)
  4 hydras
  3 catoblepae
  A boulder beetle (Lair:6)
  An ogre mage (D:11)
  4 two-headed ogres
  2 centaur warriors (D:11)
  Erica (D:8)
  A death knight (D:11)
  3 death yaks (Lair:6)
  Sonja (Lair:1)
  An orc knight (D:11)
  An orc sorcerer (D:9)
  2 cyclopes (D:11)
  A manticore (D:9)
  A will-o-the-wisp (Lair:3)
  4 black mambas
  9 komodo dragons
  13 cane toads
  Maggie (D:7)
  2 rime drakes
  4 trolls
  11 polar bears
  5 hornets
  18 blink frogs
  A slime creature (Lair:5)
  Grinder (D:6)
  12 dream sheep (Lair:6)
  A meliai zombie (D:11)
  2 water elementals
  40 yaks
  15 spriggans (Lair:6)
  5 wraiths
  7 wyverns
  7 basilisks
  A human (Lair:4)
  Grum (D:8)
  3 hogs (Lair:4)
  2 steam dragons
  10 vampire mosquitoes
  4 acid dragons
  A warg (Orc:1)
  20 water moccasins
  2 sky beasts
  11 orc warriors
  2 ice beasts
  A hornet zombie (D:6)
  3 necrophages
  9 black bears
  4 boggarts (Lair:6)
  3 centaurs (D:11)
  39 wolves
  4 ogres (D:5)
  2 kobold brigands
  Blork the orc (D:6)
  21 bullfrogs
  8 scorpions
  5 wights (D:8)
  A howler monkey (D:4)
  9 electric eels
  A crimson imp (D:9)
  3 centaur zombies
  A quasit (Abyss:2)
  6 orc priests
  2 hounds
  A gnoll shaman (D:7)
  5 jellies
  A centaur skeleton (D:7)
  A human skeleton (D:4)
  3 iguanas
  9 orc wizards
  4 hell rats (Lair:6)
  11 gnolls
  8 adders
  2 ufetubi
  2 worms
  A dart slug (D:5)
  36 orcs
  6 ball pythons
  9 endoplasms
  3 giant cockroaches
  13 goblins
  4 hobgoblins
  6 jackals
  3 quokkas
  9 bats
  4 frilled lizards
  A goblin skeleton (D:4)
  24 kobolds
  7 rats
540 creatures vanquished.

Vanquished Creatures (others)
  A wizard (D:9)
  An unseen horror (D:11)
  A human (Lair:4)
  An orc wizard (D:9)
  An orc (D:5)
  2 foxfires (Lair:3)
  44 fungi
  66 plants
117 creatures vanquished.

Grand Total: 657 creatures vanquished

Notes
Turn   | Place    | Note
-------+----------+-------------------------------------------
     0 | D:1      | dolemite99 the Minotaur Monk began the quest for the Orb.
     0 | D:1      | Reached XP level 1. HP: 19/19 MP: 0/0
   154 | D:1      | Found a faded altar of an unknown god.
   162 | D:1      | Reached skill level 4 in Polearms
   167 | D:1      | Became a worshipper of the Wu Jian Council
   167 | D:1      | Reached * piety under Wu Jian
   167 | D:1      | Reached ** piety under Wu Jian
   222 | D:1      | Reached XP level 2. HP: 26/26 MP: 1/1
   637 | D:1      | Reached *** piety under Wu Jian
   768 | D:2      | Reached skill level 5 in Polearms
  1037 | D:2      | Reached XP level 3. HP: 31/31 MP: 2/2
  2167 | D:3      | Reached skill level 6 in Polearms
  2167 | D:3      | Reached XP level 4. HP: 35/39 MP: 3/3
  2486 | D:3      | Reached XP level 5. HP: 39/45 MP: 4/4
  2624 | D:3      | Found an iron altar of Okawaru.
  2895 | D:3      | Reached skill level 7 in Polearms
  2937 | D:3      | Reached **** piety under Wu Jian
  3059 | D:3      | Found a hide-covered altar of Uskayaw.
  3200 | D:4      | Reached skill level 8 in Polearms
  3204 | D:4      | Reached XP level 6. HP: 34/51 MP: 5/5
  3517 | D:4      | Noticed a human
  3518 | D:4      | Found a runed translucent door.
  3555 | D:4      | Found a basalt altar of Yredelemnul.
  4501 | D:5      | Entered Level 5 of the Dungeon
  4573 | D:5      | Reached skill level 9 in Polearms
  4822 | D:5      | Found a snail-covered altar of Cheibriados.
  4859 | D:5      | Found a large runed translucent door.
  4859 | D:5      | Found a large runed translucent door.
  4862 | D:5      | Noticed ptrx2's ghost (novice MiBe)
  4877 | D:5      | Reached XP level 7. HP: 3/57 MP: 6/6
  5201 | D:5      | Reached skill level 10 in Polearms
  5594 | D:5      | Reached skill level 11 in Polearms
  5776 | D:5      | Found a staircase to the Ecumenical Temple.
  5799 | D:5      | Reached skill level 1 in Armour
  6206 | D:6      | Reached XP level 8. HP: 64/64 MP: 7/7
  6252 | D:6      | Found a transporter.
  6255 | D:6      | Found a transporter.
  6255 | D:6      | Noticed atabob's ghost (novice DrCj)
  6256 | D:6      | Noticed Grinder
  6272 | D:6      | Paralysed by Grinder for 5 turns
  6292 | D:6      | Killed Grinder
  6293 | D:6      | Reached skill level 5 in Armour
  6885 | D:6      | Noticed Blork the orc
  6912 | D:6      | Killed Blork the orc
  7106 | D:6      | Reached skill level 5 in Fighting
  7106 | D:6      | Reached XP level 9. HP: 56/74 MP: 8/8
  7578 | D:7      | Noticed Maggie
  7637 | D:7      | Reached skill level 1 in Evocations
  7668 | D:7      | Found a shimmering blue altar of Sif Muna.
  7693 | D:7      | Got Sif Muna's Tome of Transformation
  7703 | D:7      | Found a bloodstained altar of Trog.
  7826 | D:7      | Reached ***** piety under Wu Jian
  7852 | D:7      | Killed Maggie
  8009 | D:7      | Reached skill level 5 in Evocations
  8297 | D:7      | Found an ornate altar of the Wu Jian Council.
  8994 | D:8      | Found a white marble altar of Elyvilon.
  8997 | D:8      | Identified a scroll of acquirement
  8998 | D:8      | Acquired a manual of Armour
  9057 | D:8      | Paralysed by a hornet for 3 turns
  9395 | D:8      | Reached skill level 12 in Polearms
  9589 | D:8      | Reached XP level 10. HP: 62/80 MP: 9/9
  9600 | D:8      | Reached skill level 10 in Armour
  9881 | D:8      | Noticed Grum
  9898 | D:8      | Killed Grum
 10151 | D:8      | Noticed Erica
 10165 | D:8      | Killed Erica
 10320 | D:8      | Found a radiant altar of Vehumet.
 10320 | D:8      | Found a glowing golden altar of the Shining One.
 10924 | D:9      | Found a staircase to the Orcish Mines.
 10976 | D:9      | Found a shadowy altar of Dithmenos.
 11017 | D:9      | Noticed a manticore
 11026 | D:9      | Killed a manticore
 11027 | D:9      | Reached skill level 13 in Polearms
 11689 | D:9      | Found Uzepsokk's Weapon Boutique.
 11782 | D:9      | Noticed a wizard
 11782 | D:9      | Cast into level 2 of the Abyss (a wizard)
 11816 | Abyss:2  | Noticed a wretched star
 11893 | Abyss:2  | Noticed a lich
 11905 | Abyss:2  | Noticed a spatial maelstrom
 11933 | D:9      | Escaped the Abyss
 11947 | D:9      | Killed a wizard
 12365 | D:9      | Reached skill level 14 in Polearms
 12461 | D:9      | Reached XP level 11. HP: 88/88 MP: 10/10
 12504 | D:9      | Found Cera Sie's Assorted Antiques.
 12661 | D:9      | Found a sacrificial altar of Ru.
 12827 | D:9      | Found a shimmering altar of Xom.
 12930 | D:9      | Found a staircase to the Lair.
 13359 | D:9      | Bought 2 potions of heal wounds for 220 gold pieces
 13359 | D:9      | Bought a pair of embroidered boots for 165 gold pieces
 13366 | D:9      | Bought a scroll of teleportation for 66 gold pieces
 13366 | D:9      | Bought a scroll of fog for 44 gold pieces
 13394 | D:10     | Entered Level 10 of the Dungeon
 13459 | D:10     | Reached skill level 15 in Polearms
 13976 | D:10     | Found a flagged portal.
 13983 | D:10     | Noticed a two-headed ogre
 13996 | D:10     | Killed a two-headed ogre
 14023 | Bailey   | Entered a bailey
 14249 | Bailey   | Found an iron altar of Okawaru.
 14338 | D:10     | Reached skill level 16 in Polearms
 14717 | D:11     | Noticed an orange crystal statue
 14719 | D:11     | Noticed a two-headed ogre
 14897 | D:11     | Noticed a two-headed ogre
 14901 | D:11     | Killed a two-headed ogre
 14934 | D:11     | Noticed a two-headed ogre
 14941 | D:11     | Killed a two-headed ogre
 15044 | D:11     | Noticed Gastronok
 15101 | D:11     | Killed Gastronok
 15102 | D:11     | Reached skill level 10 in Fighting
 15102 | D:11     | Reached XP level 12. HP: 75/106 MP: 11/11
 15287 | D:11     | Noticed Josephine
 15381 | D:11     | Reached skill level 1 in Throwing
 15625 | Lair:1   | Entered Level 1 of the Lair of Beasts
 15656 | D:9      | Bought a wand of mindburst (12) for 88 gold pieces
 15656 | D:9      | Bought a golden potion for 19 gold pieces
 15656 | D:9      | Bought a golden potion for 19 gold pieces
 15656 | D:9      | Bought a yellow potion for 19 gold pieces
 15656 | D:9      | Bought a scroll of enchant armour for 165 gold pieces
 15656 | D:9      | Bought 3 scrolls of identify for 132 gold pieces
 16086 | Lair:1   | Found a runed translucent door.
 16088 | Lair:1   | Noticed avis's ghost (journeyman OpTm)
 16181 | Lair:1   | Noticed a four-headed hydra
 16196 | Lair:1   | Killed a four-headed hydra
 16197 | Lair:1   | Reached skill level 5 in Throwing
 16399 | Lair:1   | Reached skill level 1 in Crossbows
 16402 | Lair:1   | Noticed Sonja
 16530 | Lair:1   | Killed Sonja
 17075 | Lair:2   | Reached skill level 5 in Crossbows
 17922 | Lair:2   | Noticed a six-headed hydra
 17929 | Lair:2   | Killed a six-headed hydra
 17929 | Lair:2   | Reached ****** piety under Wu Jian
 18912 | Lair:3   | Found a hole to the Spider Nest.
 19025 | Lair:3   | Found a staircase to the Swamp.
 19400 | Lair:3   | Noticed a six-headed hydra
 19408 | Lair:3   | Killed a six-headed hydra
 19947 | Lair:4   | Reached XP level 13. HP: 114/114 MP: 12/12
 20082 | Lair:4   | Noticed Kirke
 20090 | Lair:4   | Noticed a sphinx
 20095 | Lair:4   | Killed Kirke
 20096 | Lair:4   | Reached skill level 10 in Crossbows
 21401 | Lair:5   | Found a staircase to the Slime Pits.
 22921 | Lair:6   | Entered Level 6 of the Lair of Beasts
 22978 | Lair:6   | Reached skill level 15 in Armour
 23771 | Lair:6   | Reached XP level 14. HP: 101/122 MP: 13/13
 27021 | D:11     | Reached skill level 17 in Polearms
 27338 | D:11     | Paralysed by an ogre mage for 7 turns
 28414 | Orc:1    | Entered Level 1 of the Orcish Mines
 28414 | Orc:1    | Noticed an orc warlord
 28919 | D:9      | Shot with a bolt by an orc warlord

Illustrated notes

Levels and vault maps discovered:
D:1:      onia_arrival_mini_spirals, layout_basic,
          hellmonk_ecumenical_altar_heavens_door
D:2:      layout_loops_ring
D:3:      minmay_bubble_buster, layout_basic, okawaru_ov_weapons_minmay,
          nicolae_uskayaw_dance_hall
D:4:      layout_basic, dk_yredelemnul_ordeal
D:5:      layout_loops_cross, kennysheep_slug_shrine,
          minmay_temple_entry_enclosed_plants, ebering_ghost_disaster_area,
          nrook_campfire, lemuel_old_faithful
D:6:      layout_cave_pools, gammafunk_ghost_arena, minmay_misc_feat_room,
          uniq_blork_the_orc, uniq_grinder
D:7:      layout_gridville, marbit_many_paths,
          nzn_overflow_gifts_of_might_and_magic, uniq_maggie
D:8:      statuecave_lemuel, layout_basic, kennysheep_mini_moat,
          nicolae_overflow_hidden_temple, uniq_grum, uniq_erica
D:9:      layout_stronghold, mainiacjoe_overflow_alcove_2,
          mainiacjoe_overflow_catwalk, tgw_xom, minmay_lair_entry_grove,
          david_orc_3, serial_shops, nicolae_shop_behind_doors, shop,
          lightli_wizard_tower
D:10:     layout_long_grid, enter_bailey_5
D:11:     minmay_chambers_of_sevens, layout_basic, minmay_statue_bubble,
          uniq_josephine, uniq_gastronok
Lair:1:   layout_roguey, ebering_ghost_inner_flame, patterned_corridor,
          uniq_sonja
Lair:2:   layout_gridlike, beast_lair_carwin_5, minmay_lair_oklob_chamber,
          serial_bayou_shore_a, lemuel_fruit_tree
Lair:3:   layout_regular_city, minmay_swamp_entry_wisps,
          nicolae_spider_entry_non_spiders, kennysheep_catoblepas_arena,
          infiniplex_staircase_pool, serial_bayou_shore_b
Lair:4:   layout_cave_pods, uniq_kirke
Lair:5:   layout_layer_cave, minmay_slime_entry_pillars,
          chequers_serial_rivers_small_a, beast_lair_carwin_10
Lair:6:   minmay_lair_end_enchanted_forest, layout_layer_cave,
          minmay_stone_trees_small
Orc:1:    layout_caves, serial_shops, shop_statue

Skill      XL: |  1  2  3  4  5  6  7  8  9 10 11 12 13 14 |
---------------+-------------------------------------------+-----
Polearms       | 4 5 6 8 9 11 12 14 16 17 | 17.2
Armour         | 2 8 9 13 16 | 16.9
Fighting       | 5 10 12 | 12.3
Evocations     | 5 |  5.3
Throwing       | 5 |  5.3
Crossbows      | 9 12 13 | 13.6
Dodging        | |  3.2
Stealth        | |  1.5

Action                   |  1- 3 |  4- 6 |  7- 9 | 10-12 | 13-15 || total
-------------------------+-------+-------+-------+-------+-------++-------
Melee: Spear             |   101 |     8 |       |       |       ||   109
       Headbutt          |    18 |    28 |    56 |    95 |    88 ||   285
       Trident           |       |   157 |   328 |    25 |       ||   510
       Halberd           |       |       |       |   484 |   446 ||   930
       Demon trident     |       |       |       |     3 |     8 ||    11
       Unarmed           |       |       |       |       |     5 ||     5
 Fire: Arbalest          |       |       |       |    97 |   336 ||   433
Throw: Stone             |    70 |    54 |    40 |    42 |     2 ||   208
       Dart              |       |       |    67 |    99 |    21 ||   187
Invok: Lunge             |     7 |     5 |     4 |    14 |     3 ||    33
       Whirlwind         |       |     4 |    11 |    11 |    27 ||    53
       Serpent's Lash    |       |       |       |     1 |       ||     1
Evoke: Wand              |       |       |     6 |    34 |    30 ||    70
       Condenser vane    |       |       |       |     1 |     3 ||     4
  Use: Scroll            |     7 |     3 |     9 |    13 |     4 ||    36
       Potion            |       |       |     1 |     4 |     1 ||     6
 Stab: Sleeping          |     1 |       |       |       |       ||     1
       Invisible         |       |       |     7 |       |       ||     7
       Paralysed         |       |       |       |     2 |       ||     2
       Petrified         |       |       |       |       |     2 ||     2
Armor: Robe              |     5 |       |       |       |       ||     5
       Ring mail         |    20 |       |       |       |       ||    20
       Scale mail        |     2 |    44 |    10 |       |       ||    56
       Plate armour      |       |       |   166 |   373 |   410 ||   949
       Skin              |       |       |     9 |       |       ||     9
Dodge: Dodged            |    42 |    50 |    75 |   170 |   224 ||   561

Table legend: (Time is in decaauts)
 A = Elapsed time spent in this place.
 B = Non-inter-level travel time spent in this place.
 C = Inter-level travel time spent in this place.
 D = Time resting spent in this place.
 E = Time spent auto-exploring this place.
 F = Levels seen in this place.
 G = Mean time per level.
                   A        B        C        D        E       F      G
               +--------+--------+--------+--------+--------+-----+--------+
         Total |  28781 |  27574 |   1207 |   8172 |  14512 |  20 | 1439.1 |
       Dungeon |  18117 |  17176 |    941 |   5805 |   8423 |  11 | 1647.0 |
          Lair |  10171 |   9905 |    266 |   2354 |   5869 |   6 | 1695.2 |
  Orcish Mines |     35 |     35 |      0 |      0 |      0 |   1 |   35.0 |
         Abyss |    150 |    150 |      0 |      0 |     73 |   1 |  150.0 |
        Bailey |    306 |    306 |      0 |     13 |    147 |   1 |  306.0 |
               +--------+--------+--------+--------+--------+-----+--------+

Top non-repeatable levels by time:
     D:9: 3152 daAuts
    D:11: 3074 daAuts
  Lair:6: 2777 daAuts
  Lair:5: 1820 daAuts
     D:5: 1747 daAuts
  Lair:3: 1514 daAuts
     D:7: 1495 daAuts
     D:8: 1493 daAuts
  Lair:4: 1476 daAuts
     D:4: 1443 daAuts
  Lair:2: 1410 daAuts
     D:6: 1307 daAuts
     D:3: 1296 daAuts
    D:10: 1254 daAuts
  Lair:1: 1172 daAuts
